AoeStats
← mats931

Black Forest

505101505Analyzed
2v2 RM · 23d ago on Sep 7, 2026· 48m 13s· 4 players
Game mode
Random Map
Map size
Medium (4 player)
Population
200
Speed
Normal
Resources
Standard
Victory
Conquest
Starting age
Dark Age
Ending age
Imperial Age
RankedLock teamsTeams togetherTeam positionsShared explorationLock speedFull tech treeHidden civsTurbo modeCheats
Victory
Defeat
🇨🇱 Japanese · Chile
1057
+11
🇨🇱 Celts · Chile
908
+16
🇩🇪 Teutons · Germany
927
-14
🇩🇪 Saracens · Germany
927
-13
mats931
0:27 Loom
13:01 Feudal Age
13:47 Horse Collar
13:55 Double-Bit Axe
15:11 Wheelbarrow
17:09 Town Watch
20:59 Castle Age
18:55 Fletching
19:18 Gold Mining
19:48 Forging
31:52 Crossbowman
33:59 Heavy Plow
34:29 Bow Saw
38:37 Imperial Age
36:28 Husbandry
36:40 Bloodlines
36:56 Stone Mining
40:26 Heavy Camel Rider
42:58 Thumb Ring
42:25 Arbalester
44:32 Padded Archer Armor
44:33 Scale Mail Armor
45:27 Scale Barding Armor
Schokoladeneis
0:26 Loom
12:05 Feudal Age
13:26 Wheelbarrow
17:11 Castle Age
18:21 Double-Bit Axe
18:19 Horse Collar
20:04 Man-at-Arms
21:03 Long Swordsman
25:35 Forging
27:34 Gold Mining
28:50 Stone Mining
30:45 Scale Mail Armor
31:21 Heavy Plow
34:45 Bow Saw
37:18 Scale Barding Armor
37:56 Iron Casting
41:59 Hand Cart
ponchotazo
0:41 Loom
12:53 Feudal Age
19:04 Castle Age
18:42 Double-Bit Axe
18:40 Horse Collar
20:31 Gold Mining
21:51 Wheelbarrow
22:48 Wheelbarrow
27:00 Hand Cart
34:31 Imperial Age
32:54 Heavy Plow
33:07 Bow Saw
33:35 Gold Shaft Mining
34:27 Stone Mining
34:55 Stronghold
35:09 Treadmill Crane
36:17 Onager
37:12 Husbandry
37:28 Cavalier
39:43 Pikeman
40:45 Scale Mail Armor
41:00 Caravan
42:53 Forging
44:12 Stone Shaft Mining
46:14 Iron Casting
45:54 Chain Mail Armor
46:52 Conscription
46:41 Heavy Scorpion
46:57 Halberdier
Camilo M87
0:32 Loom
12:26 Feudal Age
12:45 Man-at-Arms
13:25 Double-Bit Axe
17:43 Horse Collar
21:51 Castle Age
21:26 Forging
21:24 Gold Mining
22:10 Stone Mining
23:00 Long Swordsman
32:20 Imperial Age
31:05 Scale Mail Armor
35:32 Wheelbarrow
34:55 Pikeman
36:10 Chain Mail Armor
36:28 Kataparuto
38:29 Conscription
37:50 Halberdier
38:09 Elite Skirmisher
39:10 Crossbowman
43:26 Plate Mail Armor
44:03 Iron Casting
43:32 Caravan
46:52 Elite Samurai
Connection lost

Rejoining the realm…

Still unreachable

The connection could not be restored.

Session expired

The server has moved on; the page needs a fresh start.